 Dungeon Crawl Stone Soup version 0.20.0 (webtiles) character file.

160 Eucla the Slasher (level 5, -8/27 HPs)
             Began as a Spriggan Fighter on June 3, 2017.
             Killed from afar by an orc wizard (9 damage)
             ... with a magic dart
             ... on level 3 of the Dungeon.
             The game lasted 00:01:48 (1867 turns).

Eucla the Slasher (Spriggan Fighter)                Turns: 1867, Time: 00:01:50

Health: -8/27      AC:  2    Str: 13    XL:     5   Next: 17%
Magic:  15/15      EV: 19    Int: 10    God:
Gold:   115        SH:  6    Dex: 15    Spells: 4/4 levels left

rFire    . . .     SeeInvis +   a - +0 long sword
rCold    . . .     Gourm    .   c - +0 buckler
rNeg     . . .     Faith    .   b - +0 robe
rPois    .         Spirit   .   (helmet restricted)
rElec    .         Reflect  .   (no cloak)
rCorr    .         Harm     .   (gloves unavailable)
MR       .....                  (boots unavailable)
Stlth    +.........             (no amulet)
Regen    0.1/turn               h - ring of magical power
MPRegen  0.2/turn               (no ring)

@: slowed, quick
A: unfitting armour, see invisible, herbivore 3, speed 3, slow metabolism 2
a: no special abilities


You were on level 3 of the Dungeon.
You were not hungry.

You visited 1 branch of the dungeon, and saw 3 of its levels.

You collected 115 gold pieces.

Inventory:

Hand Weapons
 a - a +0 long sword (weapon)
Armour
 b - a +0 robe (worn)
 c - a +0 buckler (worn)
Jewellery
 h - a ring of magical power (left hand)
Scrolls
 e - a scroll of amnesia {unknown}
 g - 2 scrolls of enchant weapon {unknown}
 j - 2 scrolls of teleportation {unknown}
 l - 4 scrolls of identify {unknown}
 m - a scroll of magic mapping {unknown}
 p - 2 scrolls of immolation {unknown}
 r - a scroll of remove curse {unknown}
Potions
 d - 2 potions of might
 i - a potion of flight {unknown}
 n - a potion of curing {unknown}
 o - a potion of invisibility {unknown}
 q - a potion of degeneration {unknown}
Comestibles
 f - 3 bread rations
 k - 2 royal jellies


   Skills:
 - Level 2.4 Fighting
 + Level 4.5 Long Blades
 - Level 4.4 Dodging
 - Level 2.1 Shields


You had 4 spell levels left.
You didn't know any spells.

Dungeon Overview and Level Annotations

Branches:
Dungeon (3/15)

Altars:
Ashenzari
Zin


Innate Abilities, Weirdness & Mutations

You are very small and have problems with some larger weapons.
You are too small for most types of armour.
You have supernaturally acute eyesight. (SInv)
You are a herbivore.
You cover ground extremely quickly.
You need consume almost no food.


Message History

The orc wizard points at you and mumbles some strange words.
The magic dart hits you!
You hit the orc wizard.
The orc wizard is moderately wounded.
You block the orc wizard's attack. The orc wizard completely misses you.
You barely miss the orc wizard.
The orc wizard is moderately wounded.
The orc wizard casts a spell at you. The magic dart hits you!
The orc wizard completely misses you.
You closely miss the orc wizard.
The orc wizard is moderately wounded.
The orc wizard hits you with a dagger.
You hit the orc wizard.
The orc wizard is heavily wounded.
The orc wizard casts a spell at you. The magic dart hits you!
* * * LOW HITPOINT WARNING * * *
The orc wizard points at you and mumbles some strange words.
The magic dart hits you!
You die...

#.............#####. .#
###.###...####.######.
##......<...######.....##.
#.#.###.###.#.......##.###
#....#.# #.#.########.###
##..#.#.# #.#....# #....
#......!# #.####.# #####
#.#.#.#.###...# .. ....%
#.......o@....# ######
..#.#.#.####..# #.......#
...# #.#.#.#.# ...#
#....)..# ....# ##..#...#
.##.# ...##.#.##. .# .#.
#.#.# .#


You could see an orc wizard.

Vanquished Creatures
  Jessica (D:2)
  Natasha (D:2)
  Terence (D:2)
  2 adders
  4 dart slugs
  2 leopard geckos
  2 orcs (D:3)
  A ball python (D:2)
  2 giant cockroaches
  4 goblins (D:1)
  7 hobgoblins
  13 jackals
  4 kobolds
  2 bats
  3 frilled lizards
  4 rats (D:1)
53 creatures vanquished.

Notes
Turn   | Place    | Note
-------+----------+-------------------------------------------
     0 | D:1      | Eucla the Spriggan Fighter began the quest for the Orb.
     0 | D:1      | Reached XP level 1. HP: 11/11 MP: 2/2
    51 | D:1      | Reached XP level 2. HP: 13/16 MP: 3/3
   388 | D:1      | Reached XP level 3. HP: 10/19 MP: 4/4
  1016 | D:2      | Noticed Terence
  1021 | D:2      | Killed Terence
  1105 | D:2      | Reached XP level 4. HP: 20/23 MP: 5/5
  1310 | D:2      | Noticed Jessica
  1328 | D:2      | Killed Jessica
  1350 | D:2      | Found a glowing silver altar of Zin.
  1513 | D:2      | Noticed Natasha
  1521 | D:2      | Killed Natasha
  1521 | D:2      | Reached XP level 5. HP: 21/27 MP: 6/6
  1734 | D:3      | Found a shattered altar of Ashenzari.
  1867 | D:3      | HP: 1/27 [orc wizard/magic dart (10)]
  1867 | D:3      | Killed from afar by an orc wizard

Skill      XL: |  1  2  3  4 |
---------------+-------------+-----
Long Blades    | 2 3 4 |  4.5
Fighting       | |  2.4
Dodging        | |  4.4
Shields        | |  2.1

Action                   |  1- 3 |  4- 6 || total
-------------------------+-------+-------++-------
Melee: Long sword        |    90 |    53 ||   143
 Stab: Sleeping          |     1 |     1 ||     2
Armor: Robe              |     4 |       ||     4
Dodge: Dodged            |    56 |    30 ||    86
Block: Buckler           |    30 |     8 ||    38
       Rpst.: Long sword |    16 |    11 ||    27
